 Dungeon Sprint DCSS version 0.29-a0-330-g52719c12eb (webtiles) character file.

Game seed: 193834205482937187

6879 jt the Unseen (level 11, -11/63 HPs)
             Began as a Vine Stalker Brigand on Apr 28, 2022.
             Was a High Priest of Okawaru.
             Mangled by a spriggan berserker
             ... wielding a +0 rapier
              (21 damage)
             ... in the Dungeon (Sprint IV: "Fedhas' Mad Dash").
             The game lasted 00:06:00 (678 turns).

jt the Unseen (Vine Stalker Brigand)                 Turns: 678, Time: 00:06:00

Health: -11/63     AC:  4    Str: 13    XL:     11   Next: 6%
Magic:  0/18       EV: 22    Int: 11    God:    Okawaru [*****.]
Gold:   259        SH:  0    Dex: 25    Spells: 10/10 levels left

rFire   . . .      SeeInvis .   x - +10 quick blade of Wounding {flame, Dex+4}
rCold   . . .      Faith    .   (no shield)
rNeg    . . .      Spirit   +   b - +0 robe
rPois   .          Reflect  .   (no helmet)
rElec   .          Harm     .   k - scarf {shadows}
rCorr   +          Rampage  +   (no gloves)
Will    +....      NoTele   +   u - +0 pair of boots {rampage}
Stlth   ++++++++++              l - amulet of invisibility {+Inv}
HPRegen 1.00/turn               r - ring of resist corrosion
MPRegen 0.16/turn               (no ring)

@: heroic
A: fangs 3, regeneration 1, magic shield, antimagic bite, no potion heal 2
a: Renounce Religion, Evoke Invisibility, Heroism, Finesse


You were in the Dungeon.
You worshipped Okawaru.
Okawaru was extremely pleased with you.
You visited 1 branch You collected 279 gold pieces.
You spent 20 gold pieces at shops.

Inventory:

Hand Weapons
 a - a +2 dagger
 i - a +0 rapier
 x - the +10 quick blade of Wounding (weapon) {flame, Dex+4}
   (Okawaru gifted it to you in the Dungeon)

   It burns those it strikes, dealing additional fire damage.
   Dex:       It affects your dexterity (+4).
 y - a +4 flail of holy wrath
 z - a +0 spear
Missiles
 d - 6 poisoned darts (quivered)
 e - 3 curare-tipped darts
 t - 11 boomerangs
 v - 29 stones
Armour
 b - a +0 robe (worn)
 c - a +0 cloak
 k - a scarf of shadows (worn)
 s - a +1 ring mail of fire resistance
 u - a +0 pair of boots of rampaging (worn)
 B - a +0 buckler
Jewellery
 l - the amulet of invisibility (around neck) {+Inv}
   (You found it in the Dungeon)

   [amulet of nothing]

   +Inv:      It lets you turn invisible.
 r - a ring of resist corrosion (left hand)
Scrolls
 j - a scroll of blinking
 m - a scroll of vulnerability {unknown}
 n - a scroll of magic mapping {unknown}
 q - a scroll of brand weapon {unknown}
 A - a scroll of fog
Potions
 f - a potion of curing
 h - 2 potions of magic
 o - a potion of lignification {unknown}
 w - a potion of ambrosia {unknown}
Miscellaneous
 p - a box of beasts


   Skills:
 + Level 9.7(14.7) Fighting
 + Level 9.7(14.7) Short Blades
 - Level 6.6(11.6) Throwing
 - Level 5.7(10.7) Armour
 - Level 5.7(10.7) Dodging
 + Level 20.7(25.7) Stealth
 + Level 2.5(7.5) Shields
 + Level 8.7 Invocations


You had 10 spell levels left.
You didn't know any spells.
Your spell library contained the following spells:

 Spells                   Type           Power      Damage    Failure   Level
 Dazzling Flash           Conj/Hex       0%         N/A       71%         3
 Iskenderun's Mystic Bla  Conj/Tloc      0%         2d3       98%         4
 Starburst                Conj/Fire      0%         6d3       100%        6


Dungeon Overview and Level Annotations

Branches:
Dungeon (1/1)

Altars:
Cheibriados
Dithmenos
Elyvilon
Gozag
Hepliaklqana
Kikubaaqudgha
Makhleb
Nemelex Xobeh
Okawaru
Qazlal
Ru
Sif Muna
Trog
Uskayaw
Vehumet
Wu Jian
Xom
Yredelemnul
Zin
The Shining One
Beogh
Jiyva
Lugonu

Shops:
D (([?*(*


Innate Abilities, Weirdness & Mutations

You have razor-sharp teeth.
Your natural rate of healing is unusually fast.
When hurt, damage is shared between your health and your magic reserves.
Your bite disrupts and absorbs the magic of your enemies.
Potions cannot restore your health.


Message History

The spriggan berserker is heavily wounded.
You barely miss the spriggan berserker.
The spriggan berserker is heavily wounded.
The spriggan berserker prays to Trog.
The spriggan berserker goes berserk!
You miss the spriggan berserker.
Your bite misses the spriggan berserker.
The spriggan berserker is moderately wounded.
You hit the spriggan berserker. You burn the spriggan berserker.
You bite the spriggan berserker, but do no damage.
The spriggan berserker is heavily wounded.
The spriggan berserker closely misses you.
You closely miss the spriggan berserker.
Your bite misses the spriggan berserker.
The spriggan berserker is heavily wounded.
You hit the spriggan berserker but do no damage.
The spriggan berserker is heavily wounded.
The spriggan berserker hits you with a +0 rapier!!!
Ouch! That really hurt!
You hit the spriggan berserker. You burn the spriggan berserker.
Your bite misses the spriggan berserker.
The spriggan berserker is heavily wounded.
You hit the spriggan berserker. You burn the spriggan berserker.
You bite the spriggan berserker! You drain its power.
You feel invigorated.
The spriggan berserker is severely wounded.
The spriggan berserker hits you with a +0 rapier!!
* * * LOW HITPOINT WARNING * * *
Press: ? - help, v - describe, . - travel
Here: a spriggan berserker, wielding a +0 rapier and wearing a +0 animal skin (severely wounded, berserk)
The floor, spattered with blood.
You hit the spriggan berserker. You burn the spriggan berserker.
The spriggan berserker is almost dead.
You barely miss the spriggan berserker.
The spriggan berserker is almost dead.
You aren't carrying any items that you can evoke.
Unknown command.
You puncture the spriggan berserker! You burn the spriggan berserker.
The spriggan berserker is almost dead.
The spriggan berserker hits you with a +0 rapier!!
You die...

'##.._._._._._..#..##∩∩.'...#####
..#._._._._._.⌠.#################
..###################......###...
###♣♣♣♣♣..♣.###.'..'.......'.'..)
.'......♣..♣##..#..#.P.....######
.#♣..♣♣♣.♣).###.##'##.P....#
.#.♣♣..♣...♣'...#♣)♣######## ###
#############.....# #i@♣..♣....
#...♣......♣. ...... ♣.....∩.
###### ########


You could see a spriggan berserker (berserk).

Vanquished Creatures
  Agnes (D)
  A spriggan druid (D)
  6 oklob plants (D)
  A demonic crawler (D)
  3 burning bushes (D)
  A queen bee (D)
  A hornet (D)
  3 wandering mushrooms (D)
  3 scorpions (D)
  4 killer bees (D)
  5 oklob saplings (D)
  5 spriggans (D)
  A river rat (D)
  A rat (D)
  A ballistomycete spore (D)
37 creatures vanquished.

Notes
Turn   | Place    | Note
-------+----------+-------------------------------------------
     0 | D        | jt the Vine Stalker Brigand began the quest for the Orb.
     0 | D        | Reached XP level 1. HP: 11/11 MP: 2/2
    11 | D        | Reached skill level 7 in Stealth
    11 | D        | Reached XP level 2. HP: 15/15 MP: 3/3
    32 | D        | Noticed an oklob sapling
    33 | D        | Killed an oklob sapling
    34 | D        | Reached skill level 9 in Stealth
    34 | D        | Reached XP level 3. HP: 18/18 MP: 4/4
    35 | D        | Noticed a scorpion
    35 | D        | Found the amulet of invisibility {+Inv}
    37 | D        | Killed a scorpion
    38 | D        | Reached skill level 12 in Stealth
    38 | D        | Gained mutation: Your natural rate of healing is unusually
                  | fast. [Vine Stalker growth]
    38 | D        | Reached XP level 4. HP: 23/23 MP: 5/5
    64 | D        | Found an opulent altar of Gozag.
    64 | D        | Found a hazy altar of Hepliaklqana.
    65 | D        | Found a burning altar of Makhleb.
    65 | D        | Found a sparkling altar of Nemelex Xobeh.
    65 | D        | Found a snail-covered altar of Cheibriados.
    65 | D        | Found a sacrificial altar of Ru.
    65 | D        | Found a shimmering blue altar of Sif Muna.
    65 | D        | Found an ornate altar of the Wu Jian Council.
    65 | D        | Found a shimmering altar of Xom.
    65 | D        | Found a basalt altar of Yredelemnul.
    66 | D        | Found a viscous altar of Jiyva.
    66 | D        | Found a bloodstained altar of Trog.
    66 | D        | Noticed an oklob sapling priest
    67 | D        | Found an iron altar of Okawaru.
    67 | D        | Found a shadowy altar of Dithmenos.
    67 | D        | Found a glowing silver altar of Zin.
    68 | D        | Found an ancient bone altar of Kikubaaqudgha.
    68 | D        | Found a hide-covered altar of Uskayaw.
    69 | D        | Found a stormy altar of Qazlal.
    69 | D        | Found a white marble altar of Elyvilon.
    69 | D        | Found a glowing golden altar of the Shining One.
    70 | D        | Found a corrupted altar of Lugonu.
    70 | D        | Found a radiant altar of Vehumet.
    72 | D        | Killed an oklob sapling priest
    73 | D        | Reached skill level 14 in Stealth
    73 | D        | Reached XP level 5. HP: 26/26 MP: 3/6
    75 | D        | Became a worshipper of Warmaster Okawaru
    98 | D        | Reached skill level 15 in Stealth
   100 | D        | Reached skill level 16 in Stealth
   100 | D        | Reached XP level 6. HP: 11/30 MP: 4/7
   157 | D        | Found Xemeud's Antique Weapon Shop.
   157 | D        | Found Ikhyvep's Antique Weapon Emporium.
   165 | D        | Noticed a burning bush
   165 | D        | Noticed a wandering mushroom
   166 | D        | Noticed a wandering mushroom
   168 | D        | Killed a wandering mushroom
   168 | D        | Reached * piety under Okawaru
   169 | D        | Reached skill level 17 in Stealth
   169 | D        | Reached XP level 7. HP: 36/36 MP: 5/8
   170 | D        | Killed a burning bush
   170 | D        | Reached ** piety under Okawaru
   173 | D        | Killed a wandering mushroom
   174 | D        | Reached skill level 5 in Fighting
   174 | D        | Reached skill level 5 in Short Blades
   174 | D        | Reached skill level 5 in Throwing
   174 | D        | Gained mutation: You have razor-sharp teeth. [Vine Stalker
                  | growth]
   174 | D        | Reached XP level 8. HP: 43/43 MP: 6/9
   174 | D        | Found Wyg Qeit's Magic Scroll Shoppe.
   175 | D        | Found Qumanuug's General Store.
   232 | D        | Noticed a queen bee
   237 | D        | Reached skill level 18 in Stealth
   245 | D        | Killed a queen bee
   246 | D        | Reached skill level 1 in Invocations
   251 | D        | Reached skill level 5 in Dodging
   253 | D        | HP: 2/44 [poisoned by a killer bee]
   258 | D        | HP: 2/44 [poisoned by a killer bee]
   345 | D        | Noticed an oklob plant
   347 | D        | Killed an oklob plant
   347 | D        | Reached *** piety under Okawaru
   348 | D        | Reached XP level 9. HP: 49/49 MP: 8/12
   360 | D        | Noticed a burning bush
   363 | D        | Killed a burning bush
   387 | D        | Noticed a burning bush
   387 | D        | Noticed an oklob plant
   389 | D        | Killed a burning bush
   390 | D        | Reached skill level 1 in Armour
   390 | D        | Noticed a wandering mushroom
   394 | D        | Killed an oklob plant
   394 | D        | Reached **** piety under Okawaru
   395 | D        | Reached skill level 19 in Stealth
   395 | D        | Reached skill level 5 in Invocations
   398 | D        | Killed a wandering mushroom
   398 | D        | Received a gift from Okawaru
   421 | D        | Noticed a spriggan druid
   422 | D        | Killed a spriggan druid
   423 | D        | Reached XP level 10. HP: 56/56 MP: 12/15
   442 | D        | Noticed an oklob plant conjurer
   443 | D        | Killed an oklob plant conjurer
   454 | D        | Noticed an oklob plant
   454 | D        | Noticed an oklob plant summoner
   456 | D        | Noticed an oklob plant shifter
   459 | D        | Killed an oklob plant
   459 | D        | Reached ***** piety under Okawaru
   460 | D        | Killed an oklob plant summoner
   462 | D        | Killed an oklob plant shifter
   462 | D        | Received a gift from Okawaru
   463 | D        | Reached skill level 20 in Stealth
   501 | D        | Noticed a demonic crawler
   503 | D        | Killed a demonic crawler
   504 | D        | Reached skill level 5 in Armour
   506 | D        | Noticed a spriggan rider
   506 | D        | Found Kithrur's Weapon Emporium.
   508 | D        | Found Ulopag's General Store.
   510 | D        | Killed a spriggan rider
   510 | D        | Identified the +10 quick blade of Wounding {flame, Dex+4}
                  | (Okawaru gifted it to you in the Dungeon)
   510 | D        | Received a gift from Okawaru
   538 | D        | Bought a scroll of fog for 20 gold pieces
   559 | D        | Noticed Agnes
   561 | D        | Found Kiov's Armour Emporium.
   561 | D        | Noticed a spriggan berserker
   579 | D        | Killed Agnes
   580 | D        | Reached XP level 11. HP: 22/63 MP: 7/18
   678 | D        | Mangled by a spriggan berserker

Illustrated notes

Levels and vault maps discovered:
D:        dungeon_sprint_fedhas [sprint_temple]

Skill      XL: |  1  2  3  4  5  6  7  8  9 10 |
---------------+-------------------------------+-----
Stealth        | 7 9 12 14 16 17 18 19 20 | 20.7
Fighting       | 3 5 6 8 9 |  9.7
Short Blades   | 3 5 6 7 9 |  9.7
Throwing       | 3 5 6 |  6.6
Dodging        | 2 4 5 |  5.7
Invocations    | 3 6 8 |  8.7
Armour         | 3 5 |  5.7
Shields        | 2 |  2.5

Action                   |  1- 3 |  4- 6 |  7- 9 | 10-12 || total
-------------------------+-------+-------+-------+-------++-------
Melee: Dagger            |     3 |    12 |    17 |     9 ||    41
       Bite              |       |     1 |     1 |     7 ||     9
       Punch             |       |       |     1 |     1 ||     2
       Quick blade       |       |       |       |    28 ||    28
Throw: Dart              |     3 |       |     7 |       ||    10
Invok: Heroism           |       |       |     2 |     3 ||     5
 Abil: Evoke Invisibilit |       |     2 |     3 |     1 ||     6
  Use: Potion            |       |     1 |       |     1 ||     2
 Stab: Sleeping          |     2 |     3 |    11 |     9 ||    25
Armor: Robe              |       |       |     1 |       ||     1
Dodge: Dodged            |       |     6 |    20 |     6 ||    32

Table legend: (Time is in decaauts)
 A = Elapsed time spent in this place.
 B = Non-inter-level travel time spent in this place.
 C = Inter-level travel time spent in this place.
 D = Time resting spent in this place.
 E = Time spent auto-exploring this place.
 F = Levels seen in this place.
 G = Mean time per level.
                   A        B        C        D        E       F      G
               +--------+--------+--------+--------+--------+-----+--------+
         Total |    639 |    617 |     22 |    176 |      0 |   1 |  639.0 |
       Dungeon |    639 |    617 |     22 |    176 |      0 |   1 |  639.0 |
               +--------+--------+--------+--------+--------+-----+--------+

Top non-repeatable levels by time:
       D: 639 daAuts
